 Dungeon Crawl Stone Soup version 0.28.0-1-gb440e238dd (webtiles) character file.

Game seed: 15384945576407760007

451 Sanktem7 the Skirmisher (level 6, -11/57 HPs)
             Began as a Minotaur Berserker on Feb 26, 2022.
             Was a Priest of Trog.
             Mangled by a two-headed ogre (21 damage)
             ... on level 4 of the Dungeon.
             The game lasted 00:06:56 (3995 turns).

Sanktem7 the Skirmisher (Minotaur Berserker)        Turns: 3995, Time: 00:06:57

Health: -11/57     AC:  3    Str: 24    XL:     6   Next: 75%
Magic:  5/5        EV: 12    Int:  4    God:    Trog [***...]
Gold:   130        SH:  0    Dex:  9    Spells: 5/5 levels left

rFire   . . .      SeeInvis .   a - +0 hand axe {axe}
rCold   . . .      Faith    .   (no shield)
rNeg    . . .      Spirit   .   b - +0 animal skin
rPois   .          Reflect  .   (helmet restricted)
rElec   .          Harm     .   (no cloak)
rCorr   .          Rampage  .   e - +0 pair of gloves
Will    .....                   (no boots)
Stlth   +.........              (no amulet)
HPRegen 0.19/turn               (no ring)
MPRegen 0.09/turn               (no ring)

@: no status effects
A: horns 2, retaliatory headbutt
a: Renounce Religion, Berserk, Trog's Hand


You were on level 4 of the Dungeon.
You worshipped Trog.
Trog was most pleased with you.
You visited 1 branch of the dungeon, and saw 4 of its levels.

You collected 130 gold pieces.


Innate Abilities, Weirdness & Mutations

You have a pair of horns on your head.
You reflexively headbutt those who attack you in melee.


   Skills:
 * Level 6.1 Fighting
 * Level 6.0 Axes
 + Level 4.1 Armour
 + Level 3.8 Dodging


You had 5 spell levels left.
You didn't know any spells.
Your spell library contained the following spells:

 Spells                   Type           Power      Damage    Failure   Level
 Ensorcelled Hibernation  Hex/Ice        0%         N/A       65%         2
 Passwall                 Tmut/Erth      0%         N/A       65%         2
 Swiftness                Air            0%         N/A       86%         3

Inventory:

Hand Weapons
 a - a +0 hand axe (weapon) {axe}
Missiles
 d - 104 stones (quivered) {throwing}
 h - 8 poisoned darts {throwing}
 j - 24 bolts
 o - 25 sling bullets
 q - 23 arrows
 s - 3 boomerangs {throwing}
Armour
 b - a +0 animal skin (worn)
 e - a +0 pair of gloves (worn)
   (You found it on level 1 of the Dungeon)
Jewellery
 k - a ring of ice
   (You found it on level 1 of the Dungeon)
 r - an amulet of faith {!P}
   (You found it on level 3 of the Dungeon)
Scrolls
 c - a scroll of vulnerability {unknown}
 f - 2 scrolls of identify {unknown}
 l - a scroll of blinking {unknown}
 m - 2 scrolls of enchant weapon {unknown}
 p - 2 scrolls of teleportation {unknown}
Potions
 g - 2 potions of curing {unknown}
 i - 3 potions of heal wounds {unknown}
 n - a potion of mutation {unknown}

Dungeon Overview and Level Annotations

Branches:
Dungeon (4/15)
 Temple: D:4-7

Altars:
Ru
Xom

Annotations:
D:4 1 runed translucent door, hawla's ghost, amateur DECj

.........#.....# ...
...........#
.....).........##
.....#..........#
.....#..........#
#..............#
#...........#
#..O@.....#
#####...†..####
............#.#
...#.........#.
...#..........#
..............#
..###.....#..## . ....
...##...#.####
.##...####..........##


You could see a two-headed ogre.


Message History

You open the door.
There is an open door here.
m - 2 scrolls labelled EWKA ONA QUPRI (gained 1)
There is an open door here.
You see here a +0 spear {polearm}.
You open the door.
You see here a hound skeleton.
There is an open door, spattered with blood here.
Done exploring. 😎 HP[+41]
Your hp is fully restored (57).
Done exploring.
There is a stone staircase leading down here.
You climb downwards.
Hawla's ghost turns its malevolent gaze towards you.
The ogre shouts!
The howler monkey howls!
There is a stone staircase leading up here.
The scorpion closely misses you. You furiously retaliate!
You headbutt the scorpion, but do no damage.
You hit the scorpion but do no damage. The scorpion closely misses you.
You closely miss the scorpion. You hit the ogre. The scorpion stings you.
The ogre barely misses you. 😕 HP[-2]
You take 2 damage, and now have 55/57 hp.
You barely miss the scorpion. You hit the ogre but do no damage.
The scorpion stings you but does no damage.
The scorpion closely misses you. You furiously retaliate!
You headbutt the scorpion! You hit the scorpion but do no damage.
You hit the ogre. The ogre barely misses you. You furiously retaliate!
You headbutt the ogre, but do no damage.
The scorpion closely misses you. You furiously retaliate!
You headbutt the scorpion!
You kill the scorpion!
Trog accepts your kill.
Your Armour skill increases to level 4!
The ogre barely misses you.
You barely miss the ogre. You headbutt the ogre! The ogre barely misses you.
You furiously retaliate!
You headbutt the ogre. You slash the ogre!
You kill the ogre!
Trog accepts your kill.
Your Fighting skill increases to level 6!
Your Axes skill increases to level 6!
Things that are here:
a +0 giant club {mace}; an ogre corpse; 😕 HP[+1]
An endoplasm comes into view.
You see here 3 boomerangs {throwing}. 😎 HP[+1]
Your hp is fully restored (57).
You hit the endoplasm. The endoplasm closely misses you.
You hit the endoplasm but do no damage. You headbutt the endoplasm.
You kill the endoplasm!
Trog accepts your kill.
s - 3 boomerangs {throwing} An adder comes into view.
The adder hisses angrily.
The adder completely misses you. You furiously retaliate!
You headbutt the adder!
You kill the adder!
Trog accepts your kill.
A goblin comes into view. It is wielding a +0 club.
The goblin shouts!
Hawla's ghost is bathed in the radiant lights of Iskenderun.
You hit the goblin.
You kill the goblin!
Trog accepts your kill.
Things that are here:
a +0 club {mace}; a goblin corpse A jackal comes into view.
A jackal comes into view.
The jackal barks!
A two-headed ogre comes into view. It is wielding two +0 giant clubs.
The two-headed ogre shouts in stereo!
The jackal bites you but does no damage. x2
The jackal barks!
You hit the jackal but do no damage. Your punch misses the jackal.
The jackal bites you but does no damage.
You hit the jackal but do no damage. Your headbutt misses the jackal.
You hit the jackal.
You kill the jackal!
Trog accepts your kill. The jackal bites you. 😕 HP[-2]
You take 2 damage, and now have 55/57 hp.
You slash the jackal!
You kill the jackal!
Trog accepts your kill.
You see here a jackal corpse. 😕 HP[+1]
The two-headed ogre hits you with a +0 giant club!! x2
* * * LOW HITPOINT WARNING * * *
😱 HP[-46]
You take 46 damage, and now have 10/57 hp.
MASSIVE DAMAGE!! (PAUSE)
You closely miss the two-headed ogre.
Your headbutt misses the two-headed ogre.
The two-headed ogre closely misses you.
The two-headed ogre hits you with a +0 giant club!!
You die...

Skill      XL: |  1  2  3  4  5  6 |
---------------+-------------------+-----
Fighting       | 4 5 6 |  6.1
Axes           | 4 5 6 |  6.0
Armour         | 3 4 |  4.1
Dodging        | 3 |  3.8

Action                   |  1- 3 |  4- 6 || total
-------------------------+-------+-------++-------
Melee: Hand axe          |    89 |   105 ||   194
       Headbutt          |    10 |    14 ||    24
       Punch             |       |     3 ||     3
Throw: Stone             |       |     6 ||     6
 Stab: Sleeping          |     1 |       ||     1
Armor: Animal skin       |    22 |    25 ||    47
Dodge: Dodged            |    63 |    88 ||   151

Levels and vault maps discovered:
D:1:      psy_arrival_statuary, layout_basic, basic_ecumenical_altar,
          minmay_misc_feat_doors, minmay_pentomino_q2
D:2:      layout_basic, kennysheep_path_1, st_stairs_7
D:3:      layout_loops_ring, jmf_multi_god_temple, st_stairs_1,
          grunt_decor_arrowhead, cheibrodos_gnoll_hut
D:4:      layout_cave_pools, mainiacjoe_overflow_paths,
          ebering_ghost_inner_flame, minmay_close_crescents, uniq_grinder

Notes
Turn   | Place    | Note
-------+----------+-------------------------------------------
     0 | D:1      | Sanktem7 the Minotaur Berserker began the quest for the
                  | Orb.
     0 | D:1      | Reached XP level 1. HP: 19/19 MP: 0/0
     0 | D:1      | magus.rc [v1.9.6]
   304 | D:1      | Reached XP level 2. HP: 27/27 MP: 1/1
   417 | D:1      | Reached skill level 4 in Fighting
   549 | D:1      | Reached skill level 4 in Axes
   677 | D:1      | Reached ** piety under Trog
   785 | D:1      | Reached XP level 3. HP: 28/33 MP: 2/2
   986 | D:1      | Found a faded altar of an unknown god.
  1232 | D:2      | Reached skill level 3 in Armour
  1346 | D:2      | Noticed a scorpion
  1354 | D:2      | HP: 8/34 [scorpion (5)]
  1355 | D:2      | Killed a scorpion
  1356 | D:2      | Reached skill level 3 in Dodging
  1356 | D:2      | Reached XP level 4. HP: 6/41 MP: 3/3
  1989 | D:2      | You pick up a book of Burglary {forbidden} and begin
                  | reading...
  1989 | D:2      | You add the spells Passwall, Ensorcelled Hibernation and
                  | Swiftness to your library.
  2098 | D:2      | Reached skill level 5 in Fighting
  2098 | D:2      | Reached XP level 5. HP: 46/48 MP: 4/4
  2099 | D:2      | Reached skill level 5 in Axes
  3045 | D:3      | Found a shimmering altar of Xom.
  3045 | D:3      | Found a sacrificial altar of Ru.
  3057 | D:3      | Reached *** piety under Trog
  3630 | D:3      | Reached XP level 6. HP: 15/56 MP: 5/5
  3935 | D:4      | Noticed hawla's ghost (amateur DECj)
  3935 | D:4      | Found a runed translucent door.
  3943 | D:4      | Reached skill level 4 in Armour
  3946 | D:4      | Reached skill level 6 in Fighting
  3946 | D:4      | Reached skill level 6 in Axes
  3987 | D:4      | Noticed a two-headed ogre
  3994 | D:4      | HP: 10/57 [two-headed ogre (19)]
  3995 | D:4      | Mangled by a two-headed ogre

Vanquished Creatures
  An ogre (D:4)
  2 scorpions
  2 hounds (D:3)
  A centaur skeleton (D:2)
  A gnoll (D:3)
  7 adders
  A dart slug (D:1)
  4 orcs (D:3)
  5 endoplasms
  4 giant cockroaches
  6 goblins
  10 hobgoblins
  12 jackals
  2 quokkas
  6 ball pythons
  9 bats
  2 frilled lizards (D:1)
  8 kobolds
  9 rats
92 creatures vanquished.

Table legend:
 A = Non-vault XP
 B = Vault XP
 C = Vault XP percentage of total XP
 D = Non-vault monster count
 E = Vault monster count
 F = Vault count percentage of total count
                 A         B        C        D         E       F
            +---------+---------+-------+---------+---------+-------
      Total |     509 |     136 |  21.1 |      81 |      11 |  12.0
            +---------+---------+-------+---------+---------+-------
        D:1 |      54 |       2 |   3.6 |      31 |       2 |   6.1
        D:2 |     166 |      13 |   7.3 |      17 |       1 |   5.6
        D:3 |      72 |     121 |  62.7 |      26 |       8 |  23.5
        D:4 |     217 |       0 |   0.0 |       7 |       0 |   0.0
            +---------+---------+-------+---------+---------+-------

Illustrated notes

Table legend:
 A = Kills in this place as a percentage of kills in entire the game.
 B = Kills by you in this place as a percentage of kills by you in the entire game.
 C = Kills by friends in this place as a percentage of kills by friends in the entire game.
 D = Other kills in this place as a percentage of other kills in the entire game.
 E = Experience gained in this place as a percentage of experience gained in the entire game.
 F = Experience gained in this place divided by the number of levels of this place that you have seen.
                   A       B       C       D       E      F
               +-------+-------+-------+-------+-------+----------------------
         Total | 100.0 | 100.0 |   N/A |   N/A | 100.0 | 161.2
       Dungeon | 100.0 | 100.0 |   N/A |   N/A | 100.0 | 161.2
               +-------+-------+-------+-------+-------+----------------------

Table legend: (Time is in decaauts)
 A = Elapsed time spent in this place.
 B = Non-inter-level travel time spent in this place.
 C = Inter-level travel time spent in this place.
 D = Time resting spent in this place.
 E = Time spent auto-exploring this place.
 F = Levels seen in this place.
 G = Mean time per level.
                   A        B        C        D        E       F      G
               +--------+--------+--------+--------+--------+-----+--------+
         Total |   4007 |   3936 |     71 |    305 |   3021 |   4 | 1001.8 |
       Dungeon |   4007 |   3936 |     71 |    305 |   3021 |   4 | 1001.8 |
               +--------+--------+--------+--------+--------+-----+--------+

Top non-repeatable levels by time:
     D:3: 1527 daAuts
     D:2: 1306 daAuts
     D:1: 1113 daAuts
     D:4: 59 daAuts
